Map: 光影交错-天梯版

Players

iGMacSed (MacSed)

  • Race: Protoss Protoss
  • League: Grandmaster

TIME (Oliveira) - Winner!

  • Race: Terran Terran
  • League: Grandmaster

Event: DreamHack SC2 Masters 2021 Fall

VOD

Have the link to the VOD?

Description

Time

  • Played on: Aug. 8, 2021, 8:53 a.m.
  • Length: 10:16

All games in this series

Show
View Real Time Build Order
Export as new Build Order

iGMacSed Protoss 

Build Orders: 1 Gate Expand, Blink Stalkers, Zealot Archon 

Get SALT Encoding   

  12  0:00  Probe  
  13  0:12  Probe  
  14  0:17  Pylon  
  14  0:24  Probe (Chrono Boost)  
  16  0:36  Probe (Chrono Boost)  
  16  0:37  Gateway  
  16  0:43  Probe (Chrono Boost)  
  16  0:49  Assimilator  
  17  0:50  Probe  
  18  1:03  Probe  
  19  1:15  Probe  
  20  1:23  Cybernetics Core  
  20  1:32  Nexus  
  20  1:38  Pylon  
  20  1:41  Probe  
  20  1:46  Assimilator  
  21  1:53  Probe  
  22  1:57  Adept (Chrono Boost)  
  22  2:00  Warp Gate  
  24  2:05  Probe  
  25  2:17  Probe (Chrono Boost)  
  25  2:22  Twilight Council  
  26  2:29  Probe (Chrono Boost)  
  27  2:31  Stalker  
  27  2:35  Probe (Chrono Boost)  
  30  2:42  Gateway  
  31  2:46  Probe (Chrono Boost)  
  31  2:48  Probe (Chrono Boost)  
  32  2:54  Blink (Chrono Boost)  
  32  2:55  Probe (Chrono Boost)  
  32  2:58  Probe (Chrono Boost)  
  34  3:00  Probe (Chrono Boost)  
  35  3:08  Probe  
  35  3:12  Probe  
  37  3:20  Robotics Facility, Probe  
  37  3:24  Probe  
  39  3:32  Gateway, Probe  
  40  3:35  Gateway  
  40  3:36  Probe  
  40  3:39  Pylon  
  41  3:44  Probe  
  42  3:50  Pylon  
  42  3:53  Stalker  
  45  3:56  Stalker  
  45  3:58  Probe x2  
  45  4:01  Assimilator  
  48  4:05  Pylon  
  48  4:08  Observer  
  49  4:10  Probe  
  49  4:12  Probe  
  51  4:17  Pylon  
  51  4:19  Assimilator  
  51  4:20  Stalker  
  51  4:22  Stalker, Probe  
  56  4:25  Probe  
  56  4:27  Stalker  
  59  4:32  Stalker  
  61  4:42  Warp Prism  
  63  4:52  Probe  
  64  4:53  Probe  
  65  5:02  Nexus  
  65  5:03  Pylon  
  65  5:07  Templar Archives  
  65  5:10  Probe  
  66  5:15  Probe  
  66  5:16  Pylon  
  66  5:20  Forge  
  67  5:22  Probe  
  67  5:27  Psionic Storm  
  68  5:29  Probe  
  68  5:34  Probe  
  70  5:39  Stalker x4  
  70  5:41  Probe  
  79  5:46  Probe  
  80  5:53  Probe  
  81  6:03  High Templar x2  
  85  6:07  Gateway x2  
  85  6:13  Gateway  
  85  6:17  Gateway  
  85  6:19  High Templar  
  85  6:22  Probe x2  
  85  6:23  Shield Battery  
  89  6:32  Zealot  
  91  6:33  Probe  
  91  6:34  Probe, Immortal (Chrono Boost)  
  91  6:36  Shield Battery  
  97  6:46  Zealot x2  
  101  6:52  Photon Cannon  
  100  7:00  Archon  
  99  7:04  Zealot x2  
  99  7:08  Zealot x4  
  91  7:11  Probe  
  91  7:14  Stalker x2  
  92  7:16  Probe  
  93  7:23  Probe  
  93  7:28  High Templar  
  93  7:29  Zealot x4  
  104  7:30  High Templar  
  104  7:32  Probe  
  105  7:48  Charge (Chrono Boost)  
  103  7:54  Stalker  
  103  7:55  Stalker x2  
  100  7:59  Nexus  
  92  8:12  Pylon  
  92  8:14  Assimilator, Templar Archives  
  92  8:32  Pylon  
  92  8:35  Pylon  
  92  8:37  Pylon  
  92  8:39  Pylon  
  92  8:43  Pylon  
  92  8:50  Pylon, Probe x2  
  92  8:53  High Templar  
  92  8:54  High Templar, Zealot x2  
  102  8:58  High Templar  
  102  9:00  Archon  
  102  9:01  Zealot x3, Immortal (Chrono Boost)  
  114  9:13  Shield Battery  
  114  9:15  Forge  
  114  9:17  Forge, High Templar  
  114  9:30  Probe  
  110  9:32  Warp Prism  
  110  9:33  Zealot x5  
  110  9:34  Zealot  
  124  9:40  Probe  
  125  9:45  Zealot  
  125  9:49  Pylon  
  125  9:52  Photon Cannon  
  125  9:57  Archon  
  105  10:00  Zealot x6  
  97  10:08  Stalker x2  
Show
View Real Time Build Order
Export as new Build Order

TIME Terran - Winner!

Build Orders:  

Get SALT Encoding   

  12  0:00  SCV  
  13  0:12  SCV  
  14  0:17  Supply Depot  
  14  0:24  SCV  
  15  0:38  SCV  
  15  0:40  Barracks  
  16  0:43  Refinery  
  16  0:50  SCV  
  17  1:03  SCV  
  18  1:15  SCV  
  19  1:27  Marine  
  19  1:28  Orbital Command  
  20  1:41  Command Center  
  20  1:46  Barracks Reactor  
  20  1:53  SCV  
  21  1:56  Supply Depot  
  21  2:06  SCV  
  22  2:09  Factory  
  22  2:14  Refinery  
  22  2:18  SCV  
  22  2:22  Marine, Reaper  
  25  2:30  SCV  
  26  2:38  Bunker  
  26  2:40  Marine  
  26  2:42  SCV  
  28  2:54  Orbital Command  
  28  2:56  SCV  
  29  3:01  Starport  
  29  3:02  Orbital Command  
  29  3:03  Widow Mine  
  30  3:09  SCV  
  31  3:14  Marine x2  
  33  3:21  SCV  
  33  3:24  Widow Mine  
  36  3:28  SCV  
  36  3:33  SCV  
  38  3:36  Supply Depot  
  38  3:37  Marine x2  
  38  3:38  Medivac  
  38  3:40  SCV  
  43  3:45  SCV  
  43  3:46  Factory Tech Lab  
  44  3:50  Barracks  
  44  3:52  SCV  
  45  3:56  Marine  
  45  3:57  Marine, SCV  
  45  4:02  Supply Depot  
  48  4:04  SCV  
  48  4:08  Siege Tank  
  48  4:09  Starport Tech Lab  
  52  4:12  SCV  
  52  4:16  Barracks  
  53  4:19  SCV  
  53  4:22  Supply Depot  
  54  4:25  SCV  
  54  4:26  Marine x2  
  57  4:32  Engineering Bay  
  57  4:33  SCV  
  57  4:37  SCV  
  59  4:45  SCV, Siege Tank  
  62  4:46  Stimpack  
  62  4:47  Marine x2  
  62  4:52  Refinery  
  64  4:53  Supply Depot  
  64  4:56  Marauder  
  64  4:57  SCV  
  64  4:58  SCV  
  68  5:01  Terran Infantry Weapons Level 1  
  68  5:09  SCV  
  68  5:11  SCV, Barracks Tech Lab  
  68  5:12  Refinery  
  70  5:14  Marine x2  
  70  5:17  Supply Depot  
  70  5:18  Marauder  
  70  5:21  SCV  
  75  5:22  Starport Reactor  
  75  5:24  SCV  
  75  5:32  Marauder  
  75  5:34  Marine  
  75  5:35  Factory Reactor  
  78  5:38  Marine  
  78  5:40  Combat Shield, Marauder  
  81  5:45  Supply Depot, SCV x2  
  81  5:47  Supply Depot  
  83  5:56  Supply Depot  
  82  5:57  Supply Depot, SCV x2  
  82  6:00  Marine x2  
  82  6:01  Marauder  
  86  6:06  Marine  
  86  6:07  Medivac x2  
  91  6:16  Widow Mine x2  
  95  6:19  Marine x2  
  95  6:22  Marauder  
  95  6:25  Marauder  
  101  6:26  Concussive Shells  
  101  6:37  Medivac x2, Command Center  
  101  6:38  Widow Mine  
  107  6:43  Widow Mine  
  107  6:45  Marauder  
  111  6:47  Marine x2  
  109  7:07  Marine x3  
  109  7:08  Medivac x2, Marauder  
  102  7:11  Widow Mine x2  
  110  7:19  SCV  
  110  7:22  Barracks  
  109  7:23  Terran Infantry Armor Level 1  
  109  7:24  SCV  
  109  7:25  Barracks  
  110  7:33  Supply Depot, Marauder x2  
  110  7:35  Marine x2  
  116  7:41  Widow Mine x2  
  112  7:53  Marine x2  
  112  7:54  Marauder  
  112  7:55  Marine  
  112  7:56  SCV x2  
  112  7:57  Orbital Command  
  112  8:10  Widow Mine x2, Medivac  
  112  8:11  Marine x2  
  114  8:13  Barracks Reactor  
  114  8:15  Marauder  
  114  8:17  SCV  
  114  8:18  Ghost Academy  
  114  8:19  SCV  
  118  8:22  Marauder  
  118  8:24  SCV  
  121  8:27  Marauder  
  121  8:30  SCV  
  121  8:31  SCV  
  121  8:33  Viking  
  125  8:36  SCV, Supply Depot  
  125  8:39  Marine x2  
  125  8:40  Widow Mine x2  
  132  8:42  SCV  
  132  8:43  Viking  
  132  8:45  SCV  
  136  8:50  SCV  
  136  8:51  Ghost x2  
  136  8:54  Supply Depot  
  141  8:57  Supply Depot, Ghost  
  141  8:58  Marine x2  
  145  9:03  Refinery x2  
  145  9:05  Viking  
  145  9:06  Marine  
  145  9:08  Marine  
  149  9:13  Supply Depot  
  149  9:14  Supply Depot  
  149  9:16  Viking  
  150  9:20  SCV x3  
  152  9:25  Marine x2, Marauder  
  152  9:27  Marine x2  
  158  9:32  Command Center  
  158  9:35  Marine, Marauder  
  158  9:36  Medivac  
  158  9:38  Widow Mine  
  165  9:39  Widow Mine  
  165  9:42  Marine  
  167  9:47  Armory, Engineering Bay  

Tags
 
Add a new tag
Caveats
  • Supply blocks, unpowered buildings, or Contaminate may cause inaccurate times.
  • Supply counts are checked every 10 seconds.